 Dungeon Crawl Stone Soup version 0.18.1-48-g4cf74bf (webtiles) character file.

107 Jebus the Slasher (level 4, 0/35 HPs)
             Began as a Demonspawn Berserker on Aug 15, 2016.
             Was a Believer of Trog.
             Slain by a giant gecko (1 damage)
             ... on level 1 of the Dungeon.
             The game lasted 00:02:38 (1630 turns).

Jebus the Slasher (Demonspawn Berserker)            Turns: 1630, Time: 00:02:39

Health: 0/35       AC:  3    Str: 18    XL:     4   Next: 56%
Magic:  4/4        EV: 12    Int:  8    God:    Trog [**....]
Gold:   78         SH:  0    Dex: 13    Spells: 0 memorised, 3 levels left

rFire  . . .     SeeInvis .     a - +0 falchion
rCold  . . .     Gourm    .     b - +0 animal skin
rNeg   . . .     Faith    .     (no shield)
rPois  .         Spirit   .     (no helmet)
rElec  .         Dismiss  .     k - +0 cloak
rCorr  .         Reflect  .     (no gloves)
SustAt .         Harm     .     (no boots)
MR     .....                    (no amulet)
Stlth  +.........               (no ring)
                                (no ring)

@: not resistant to hostile enchantments, very unstealthy
A: claws 1, powered by death 1
a: Berserk, Trog's Hand, Burn Spellbooks, Renounce Religion


You were on level 1 of the Dungeon.
You worshipped Trog.
Trog was pleased with you.
You were very hungry.

You visited 1 branch of the dungeon, and saw 2 of its levels.

You collected 78 gold pieces.

Inventory:

Hand Weapons
 a - a +0 falchion (weapon)
Armour
 b - a +0 animal skin (worn)
 k - a +0 cloak (worn)
Jewellery
 q - an uncursed ring of protection from fire {unknown}
Scrolls
 d - 3 scrolls of enchant weapon {unknown}
 e - a scroll of magic mapping {unknown}
 h - 2 scrolls of remove curse {unknown}
 i - a scroll of teleportation {unknown}
 n - 2 scrolls of identify {unknown}
 s - a scroll of random uselessness {unknown}
Potions
 g - a potion of invisibility {unknown}
 l - 2 potions of degeneration {unknown}
 o - a potion of flight {unknown}
 r - a potion of haste {unknown}
Comestibles
 c - 2 bread rations
 f - 3 fruits
 j - 2 slices of pizza
 m - a meat ration


   Skills:
 - Level 3.0 Fighting
 + Level 4.9 Long Blades
 - Level 1.7 Armour
 - Level 1.7 Dodging


You had 3 spell levels left.
You didn't know any spells.

Dungeon Overview and Level Annotations

Branches:
Dungeon (2/15)

Altars:

Annotations:
D:2 Natasha


Innate Abilities, Weirdness & Mutations

You have sharp fingernails.
You regenerate a little health from kills.


Message History

* * * LOW HITPOINT WARNING * * *
You climb upwards.
There is a stone staircase leading down here.
You hit the giant gecko.
The giant gecko is moderately wounded.
The giant gecko closely misses you.
You hit the giant gecko but do no damage.
The giant gecko is moderately wounded.
The giant gecko bites you.
* * * LOW HITPOINT WARNING * * *
You hit the giant gecko.
The giant gecko is severely wounded.
The giant gecko bites you.
* * * LOW HITPOINT WARNING * * *
The giant gecko bites you.
* * * LOW HITPOINT WARNING * * *
You closely miss the giant gecko.
The giant gecko is severely wounded.
The giant gecko bites you.
You die... #....PPP.PPPPP.PPP.PPPPP.PPP.# #.##.PPPP.....PPPPP.....PPPP.# ####.PPPPPPPPPPPPPPPP.PPPPPP.#

...#...........#.............####
.................#...............
...############.....############.
...#....#.....................(#.
...#.##.#.####.l...............#.
...#.##.#.# #..@..............#.
...#.##.#.# #.................#.
#..#.##.#.######.....###########.
#..#.##.#......#.................
#..#.##.######.#.....############
#..#.##.# #.#.....# #..#..#.#
#.#.....# #..##.#.# #.#.....#
#..##.#.# #.#....##


You could see a giant gecko.

Vanquished Creatures
  Natasha (D:2)
  Ijyb (D:2)
  2 adders (D:2)
  An ooze (D:2)
  A worm (D:2)
  A dart slug (D:1)
  2 giant geckos (D:2)
  A ball python (D:1)
  5 goblins
  3 hobgoblins
  2 quokkas (D:2)
  5 bats
  3 giant newts (D:1)
  2 kobolds (D:1)
  A rat (D:1)
31 creatures vanquished.

Notes
Turn   | Place    | Note
--------------------------------------------------------------
     0 | D:1      | Jebus the Demonspawn Berserker began the quest for the Orb.
     0 | D:1      | Reached XP level 1. HP: 18/18 MP: 1/1
   148 | D:1      | Reached skill level 3 in Long Blades
   467 | D:1      | Gained mutation: You regenerate a little health from kills. [demonic ancestry]
   467 | D:1      | Reached XP level 2. HP: 20/24 MP: 2/2
   893 | D:2      | Noticed Ijyb
   900 | D:2      | Killed Ijyb
   900 | D:2      | Reached skill level 4 in Long Blades
   900 | D:2      | Gained mutation: You have sharp fingernails. [demonic ancestry]
   900 | D:2      | Reached XP level 3. HP: 29/29 MP: 3/3
  1031 | D:2      | Reached ** piety under Trog
  1060 | D:2      | Reached XP level 4. HP: 20/35 MP: 4/4
  1193 | D:2      | Noticed Natasha
  1204 | D:2      | HP: 2/52 [Natasha (7)]
  1205 | D:2      | Killed Natasha
  1570 | D:2      | Noticed Natasha
  1629 | D:1      | HP: 1/35 [giant gecko (3)]
  1630 | D:1      | Slain by a giant gecko

Skill      XL: |  1  2 |
---------------+-------+-----
Long Blades    | 3 4 |  4.9
Fighting       | |  3.0
Armour         | |  1.7
Dodging        | |  1.7

Action                   |  1- 3 |  4- 6 || total
-------------------------+-------+-------++-------
Melee: Falchion          |    99 |    40 ||   139
Invok: Berserk           |     2 |     1 ||     3
 Stab: Sleeping          |     1 |       ||     1
  Eat: Chunk             |     2 |     2 ||     4
Armor: Animal skin       |    18 |     7 ||    25
Dodge: Dodged            |    65 |    50 ||   115
